Map: [ESL] NeoHumanity

Players

Cham

  • Race: Zerg Zerg

Ryung - Winner!

  • Race: Terran Terran
  • League: Master

Event: IEM Katowice 2023

VOD

Have the link to the VOD?

Description

Time

  • Played on: Feb. 8, 2023, 10:59 a.m.
  • Length: 27:59

All games in this series

Show
View Real Time Build Order
Export as new Build Order

Cham Zerg 

Build Orders: Hatch First, Brood Lord Corruptor 

Get SALT Encoding   

  12  0:00  Drone  
  13  0:12  Overlord  
  13  0:17  Drone  
  14  0:31  Drone x2  
  16  0:48  Hatchery  
  15  0:51  Drone  
  16  0:57  Drone  
  16  0:58  Drone  
  18  1:12  Spawning Pool  
  18  1:13  Extractor  
  18  1:16  Drone  
  17  1:19  Drone  
  18  1:28  Drone  
  19  1:39  Drone  
  20  1:50  Drone  
  21  2:00  Queen x2  
  21  2:01  Zergling x4  
  27  2:11  Overlord, Zergling x2  
  27  2:37  Pneumatized Carapace  
  27  2:38  Drone x4  
  31  2:46  Drone x2, Hatchery  
  32  2:57  Metabolic Boost  
  32  3:02  Overlord  
  32  3:04  Drone  
  33  3:08  Drone x2  
  35  3:19  Queen  
  35  3:20  Overlord  
  35  3:22  Drone x3  
  41  3:27  Drone x2  
  42  3:38  Queen  
  42  3:39  Overlord  
  42  3:40  Drone  
  45  3:47  Overlord  
  45  3:48  Zergling x2  
  45  3:49  Drone, Zergling x2  
  45  3:51  Drone  
  49  3:59  Drone x2  
  49  4:01  Drone  
  52  4:03  Queen  
  54  4:11  Zergling x6  
  57  4:20  Drone, Zergling x4  
  57  4:21  Drone x2  
  62  4:27  Drone  
  62  4:30  Lair  
  63  4:31  Drone  
  63  4:33  Drone  
  63  4:34  Extractor, Roach Warren  
  62  4:39  Drone  
  62  4:42  Overlord  
  62  4:43  Drone  
  64  4:48  Drone x3  
  64  4:49  Drone, Hatchery  
  64  4:51  Overlord  
  67  4:53  Overlord  
  67  5:00  Overlord  
  67  5:04  Extractor  
  67  5:05  Drone x3  
  67  5:07  Extractor, Evolution Chamber  
  68  5:08  Drone x2, Evolution Chamber  
  68  5:12  Drone  
  68  5:13  Drone x2  
  71  5:18  Drone x4  
  71  5:19  Drone  
  76  5:21  Extractor  
  76  5:25  Roach  
  76  5:27  Roach x2  
  76  5:28  Roach x2  
  85  5:29  Glial Reconstitution  
  85  5:34  Roach  
  87  5:36  Drone  
  87  5:38  Drone  
  89  5:46  Roach x3  
  89  5:47  Overlord  
  89  5:49  Drone x3  
  98  5:54  Extractor, Drone  
  98  5:55  Overlord x2  
  97  6:04  Drone x4  
  97  6:08  Roach x3  
  97  6:11  Roach  
  108  6:12  Drone x2  
  108  6:15  Zerg Ground Armor Level 1  
  108  6:16  Zerg Melee Weapons Level 1  
  110  6:19  Baneling Nest  
  110  6:20  Drone x4  
  110  6:23  Overlord  
  113  6:32  Drone x2  
  115  6:33  Drone x2, Spore Crawler  
  115  6:34  Overlord, Spore Crawler  
  115  6:38  Roach  
  117  6:43  Drone x2  
  117  6:44  Overlord  
  117  6:48  Queen  
  117  6:52  Roach x2  
  117  6:53  Roach x3, Zergling x6  
  131  6:56  Burrow  
  131  6:59  Drone x2  
  133  7:01  Spore Crawler  
  133  7:03  Centrifugal Hooks  
  133  7:04  Drone x3  
  133  7:06  Roach  
  137  7:08  Overlord  
  137  7:12  Overlord  
  137  7:17  Overlord  
  137  7:22  Zergling x10  
  142  7:23  Ravager  
  142  7:25  Overlord  
  142  7:26  Overlord, Hatchery  
  142  7:30  Overlord  
  137  7:37  Roach x3  
  137  7:38  Roach x4  
  150  7:44  Baneling x7  
  150  7:46  Roach x3, Zergling x12  
  160  7:52  Hatchery  
  160  7:54  Drone x2  
  160  7:57  Drone  
  162  8:00  Zergling x2  
  162  8:01  Ravager, Zergling x8  
  162  8:02  Ravager  
  162  8:03  Baneling x2  
  169  8:07  Zergling x4  
  169  8:08  Zergling x4  
  172  8:17  Zergling x4  
  172  8:18  Zergling x8  
  168  8:20  Drone  
  168  8:21  Zerg Melee Weapons Level 2, Zerg Ground Armor Level 2  
  168  8:22  Infestation Pit  
  168  8:23  Zergling x4  
  168  8:24  Baneling x5  
  168  8:25  Overlord  
  168  8:27  Drone x3  
  172  8:28  Zergling x4  
  172  8:29  Zergling x2  
  172  8:33  Baneling x3  
  176  8:34  Zergling x6  
  176  8:38  Zergling x2  
  180  8:44  Zergling x8  
  180  8:46  Zergling x4  
  186  8:48  Baneling  
  186  8:49  Baneling x14  
  186  8:54  Zergling x12  
  191  8:58  Overlord  
  191  9:01  Zergling x6  
  193  9:11  Zergling x16  
  193  9:14  Baneling x3  
  167  9:28  Zergling x12  
  146  9:33  Zergling x16  
  146  9:34  Zergling x2  
  146  9:35  Hive  
  139  9:40  Baneling x11  
  139  9:41  Zergling x8  
  139  9:44  Baneling  
  143  9:46  Roach x2  
  143  9:47  Ravager  
  143  9:49  Baneling x6  
  143  9:50  Roach x2  
  143  9:52  Zergling x2  
  150  9:57  Roach x3  
  143  10:04  Drone x2, Spire  
  143  10:05  Extractor  
  143  10:07  Extractor  
  143  10:08  Drone  
  143  10:09  Drone x6  
  143  10:10  Zergling x2  
  143  10:11  Zergling x6  
  143  10:12  Ravager x2  
  156  10:14  Zergling x8  
  156  10:19  Zergling x8  
  156  10:20  Zergling x4  
  165  10:24  Zergling x4  
  165  10:26  Hatchery  
  166  10:29  Zergling x6  
  166  10:31  Baneling x6  
  166  10:34  Zergling x12  
  174  10:41  Zerg Missile Weapons Level 1  
  174  10:42  Drone x2  
  175  10:44  Zergling x12  
  175  10:45  Baneling x5  
  175  10:46  Baneling x4  
  181  10:52  Zergling x2  
  181  10:53  Zergling x10  
  187  11:00  Drone, Hatchery  
  187  11:01  Pathogen Glands  
  187  11:02  Spire  
  185  11:05  Zergling x2  
  185  11:06  Zergling x20  
  196  11:14  Overlord  
  196  11:16  Adrenal Glands  
  196  11:17  Greater Spire  
  196  11:21  Drone x2  
  196  11:22  Zergling x2  
  199  11:25  Overlord  
  199  11:26  Overlord  
  199  11:28  Unknown  
  196  11:38  Zerg Ground Armor Level 3  
  196  11:41  Extractor  
  196  11:42  Extractor, Drone x5  
  199  11:53  Spine Crawler  
  195  11:55  Spine Crawler  
  195  11:56  Corruptor x3  
  195  11:57  Spine Crawler  
  185  12:15  Drone x3  
  178  12:16  Drone x3  
  178  12:22  Infestor x2, Corruptor  
  164  12:23  Corruptor x6  
  164  12:25  Drone x3  
  164  12:26  Drone x2  
  164  12:27  Drone x2  
  164  12:28  Zergling x18  
  174  12:32  Zerg Flyer Weapons Level 1, Drone x3  
  176  12:38  Zergling x2  
  176  12:39  Zergling x8  
  176  12:43  Corruptor x2  
  178  12:50  Corruptor  
  174  12:51  Drone  
  174  12:52  Drone x4  
  174  12:56  Corruptor x2  
  176  13:02  Corruptor x2  
  176  13:04  Drone x3  
  176  13:05  Drone  
  184  13:06  Hatchery  
  184  13:10  Brood Lord  
  184  13:12  Drone x3  
  185  13:15  Overlord  
  185  13:16  Zergling x6  
  187  13:22  Hatchery  
  187  13:26  Brood Lord x3  
  187  13:27  Zergling x6  
  175  13:39  Overseer x2  
  175  13:41  Brood Lord x2  
  168  13:42  Zergling x14  
  168  13:48  Corruptor, Zergling x2  
  175  13:54  Corruptor x2  
  175  13:57  Zergling x2  
  175  13:58  Zergling x12  
  175  14:02  Brood Lord  
  186  14:05  Zergling x6  
  186  14:08  Corruptor  
  191  14:12  Baneling  
  191  14:13  Baneling x4  
  191  14:14  Brood Lord  
  191  14:15  Zergling x6  
  184  14:25  Baneling x6  
  184  14:28  Brood Lord x2  
  184  14:29  Zergling x16  
  184  14:30  Zergling x6  
  199  14:34  Baneling  
  199  14:35  Baneling x7, Zergling x2  
  200  14:45  Zerg Flyer Weapons Level 2  
  200  14:46  Zerg Flyer Armor Level 1  
  200  14:48  Zerg Melee Weapons Level 3  
  180  15:15  Zergling x2  
  180  15:16  Zergling x42  
  180  15:17  Zergling x4  
  195  15:27  Brood Lord x3  
  192  15:30  Corruptor  
  192  15:31  Infestor x3  
  192  15:33  Infestor  
  194  15:36  Baneling x13  
  194  15:37  Baneling x2, Zergling x4  
  194  15:39  Zergling x6  
  199  15:49  Baneling x3  
  199  15:50  Zergling x2  
  199  15:52  Baneling  
  199  15:53  Baneling x4  
  199  16:03  Queen  
  198  16:04  Spine Crawler x2  
  198  16:05  Spine Crawler  
  198  16:09  Corruptor x2  
  198  16:11  Zergling x2  
  200  16:12  Baneling x3  
  200  16:18  Zerg Missile Weapons Level 2  
  170  16:28  Zergling x2  
  170  16:29  Zergling x26  
  170  16:30  Zergling x2  
  170  16:34  Infestor  
  170  16:36  Infestor  
  170  16:37  Infestor, Zergling x8  
  170  16:38  Overseer x2, Zergling x4  
  170  16:39  Zergling x4  
  182  16:40  Zergling x10  
  182  16:44  Extractor  
  182  16:46  Extractor, Brood Lord x5  
  191  16:47  Zergling x2  
  191  16:48  Zergling x4  
  192  16:58  Baneling x6, Spine Crawler  
  192  16:59  Corruptor  
  192  17:00  Corruptor  
  195  17:02  Corruptor x2  
  199  17:09  Baneling x2  
  199  17:10  Baneling x5  
  199  17:13  Hatchery  
  188  17:31  Corruptor x4  
  188  17:34  Baneling x2  
  188  17:35  Baneling x7  
  194  17:40  Brood Lord, Corruptor  
  194  17:42  Zergling x2  
  199  17:46  Zerg Flyer Armor Level 2  
  199  18:02  Hatchery  
  197  18:05  Zerg Flyer Weapons Level 3  
  197  18:08  Overlord  
  192  18:29  Brood Lord  
  177  18:45  Zergling x2  
  173  18:51  Spine Crawler  
  173  18:52  Spine Crawler  
  173  18:53  Brood Lord x6  
  181  18:57  Drone  
  181  18:58  Drone x6, Spine Crawler  
  181  18:59  Spine Crawler x2  
  181  19:01  Drone x6  
  181  19:02  Drone x2  
  192  19:05  Drone x2  
  192  19:06  Drone  
  192  19:08  Corruptor x2, Spore Crawler  
  193  19:11  Spore Crawler x2  
  189  19:24  Corruptor x2  
  189  19:25  Corruptor x2  
  189  19:26  Spore Crawler  
  191  19:43  Drone  
  191  19:44  Drone x2  
  191  19:45  Spine Crawler x2  
  190  19:46  Spine Crawler  
  189  19:53  Zergling x22  
  200  20:18  Baneling x8  
  200  20:21  Zergling x2  
  200  20:24  Overseer  
  200  20:26  Zerg Flyer Armor Level 3  
  199  20:30  Spine Crawler x2  
  199  20:33  Zergling x2  
  199  20:34  Zergling x4  
  199  20:41  Zergling x2  
  193  20:55  Spine Crawler  
  193  20:56  Spine Crawler  
  190  20:57  Spine Crawler  
  190  20:58  Spine Crawler  
  188  21:05  Brood Lord  
  188  21:06  Brood Lord x2  
  188  21:07  Brood Lord x2  
  198  21:12  Zergling x2  
  189  21:38  Infestor x3  
  192  21:47  Corruptor x2  
  192  21:48  Zergling x4  
  192  21:50  Zergling x4  
  195  22:00  Overseer  
  195  22:01  Overseer x2  
  187  22:14  Zergling x2  
  188  22:22  Zergling x28  
  197  22:23  Zergling x4  
  192  22:48  Corruptor  
  129  23:06  Corruptor x8  
  129  23:07  Corruptor  
  129  23:08  Overlord x2, Corruptor  
  129  23:10  Infestor x2  
  159  23:15  Roach x5  
  159  23:18  Corruptor  
  171  23:23  Zergling x8  
  171  23:24  Zergling x2  
  168  23:41  Brood Lord x2  
  166  23:42  Brood Lord x2  
  166  23:43  Brood Lord x3  
  166  23:44  Brood Lord  
  166  23:47  Brood Lord  
  180  23:48  Corruptor  
  180  23:49  Corruptor x5  
  180  23:54  Hatchery  
  190  24:05  Infestor x2  
  193  24:18  Corruptor  
  190  24:29  Hatchery  
  177  24:36  Neural Parasite  
  170  24:41  Zergling x10  
  175  24:49  Brood Lord  
  177  24:55  Brood Lord  
  177  25:13  Brood Lord x2  
  181  25:20  Zergling x2  
  181  25:21  Zergling x6  
  181  25:25  Corruptor x2  
  180  25:38  Infestor x11  
  180  25:40  Overseer  
  180  25:50  Infestor x11  
  174  25:57  Brood Lord x2  
  174  25:58  Brood Lord x2  
  176  26:15  Hatchery  
  175  26:22  Infestor x11  
  175  26:39  Overlord  
  173  26:43  Infestor x11  
  173  26:45  Overlord  
  173  26:46  Overlord x4  
  173  26:47  Overlord x2  
  172  26:58  Hatchery  
  166  27:14  Corruptor x4  
  162  27:29  Roach  
  152  27:30  Roach x5  
  120  27:37  Roach x2  
Show
View Real Time Build Order
Export as new Build Order

Ryung Terran - Winner!

Build Orders: Reaper Expand 

Get SALT Encoding   

  12  0:00  SCV  
  13  0:12  SCV  
  14  0:17  Supply Depot  
  14  0:24  SCV  
  15  0:39  SCV  
  15  0:40  Barracks  
  16  0:43  Refinery  
  16  0:51  SCV  
  17  1:03  SCV  
  18  1:15  SCV  
  19  1:27  Orbital Command, Reaper  
  20  1:39  Command Center  
  20  1:48  Supply Depot  
  20  1:52  SCV  
  21  1:58  Marine  
  22  2:04  SCV  
  23  2:12  Factory  
  23  2:16  SCV  
  23  2:20  Barracks Reactor  
  24  2:29  SCV  
  25  2:41  Command Center  
  25  2:43  SCV  
  26  2:51  Orbital Command  
  26  2:55  SCV  
  27  3:01  Barracks  
  27  3:04  Barracks Tech Lab  
  27  3:07  SCV  
  27  3:11  Hellion  
  30  3:14  Hellion  
  30  3:17  SCV  
  30  3:19  SCV  
  34  3:23  Stimpack  
  34  3:27  Refinery  
  34  3:29  SCV  
  34  3:31  SCV  
  34  3:33  Hellion  
  38  3:36  Hellion  
  38  3:38  Marine  
  41  3:41  SCV  
  41  3:43  SCV  
  43  3:53  SCV  
  43  3:54  Orbital Command  
  43  3:55  SCV  
  45  4:05  Starport  
  45  4:06  Marine x3, SCV  
  45  4:07  Factory Reactor, SCV  
  50  4:14  Supply Depot  
  50  4:18  SCV  
  50  4:19  SCV  
  50  4:20  SCV  
  53  4:24  Marine x3  
  53  4:29  Supply Depot  
  53  4:30  SCV  
  57  4:31  SCV  
  57  4:36  Orbital Command, Engineering Bay  
  57  4:38  Engineering Bay  
  59  4:42  Marine x3, SCV  
  59  4:43  SCV  
  63  4:46  Refinery  
  63  4:51  Medivac x2  
  67  4:54  SCV  
  67  4:55  Supply Depot  
  67  4:56  SCV  
  67  4:59  Factory Tech Lab  
  69  5:04  Marine x3  
  69  5:06  SCV  
  69  5:07  SCV  
  73  5:13  SCV  
  74  5:15  Barracks  
  74  5:16  Barracks  
  74  5:17  Barracks, Supply Depot  
  74  5:19  SCV  
  74  5:20  Terran Infantry Weapons Level 1  
  74  5:21  Terran Infantry Armor Level 1  
  75  5:28  SCV x2  
  77  5:29  Marine, Refinery  
  77  5:31  SCV, Starport Reactor  
  79  5:36  Combat Shield, Supply Depot  
  79  5:39  Marine x2  
  79  5:40  SCV x2  
  83  5:43  SCV  
  83  5:47  Siege Tank  
  87  5:52  SCV x2  
  87  5:54  Marine  
  87  5:55  SCV  
  91  5:57  Marine x2  
  95  6:07  Barracks Reactor x2  
  95  6:08  SCV x2  
  95  6:09  SCV, Supply Depot  
  94  6:12  Marine, Refinery  
  94  6:13  Supply Depot  
  94  6:14  Supply Depot  
  94  6:15  Marine x2  
  94  6:16  Marine  
  94  6:17  Marine  
  99  6:22  Medivac  
  101  6:30  Marine, Supply Depot  
  101  6:31  Siege Tank, SCV x3, Supply Depot  
  108  6:32  Marine  
  108  6:34  Marine, Medivac, Supply Depot  
  108  6:37  Supply Depot  
  112  6:41  Marine x2  
  112  6:43  SCV x3  
  117  6:48  Marine  
  118  6:54  Marine x6  
  118  6:59  Marine x2, Command Center  
  126  7:03  Armory  
  126  7:07  Factory  
  126  7:08  Siege Tank  
  129  7:09  Medivac  
  129  7:13  Marine x5  
  136  7:16  Supply Depot  
  136  7:18  Marine  
  136  7:19  Marine x2  
  139  7:26  Medivac  
  139  7:28  Marine  
  142  7:31  Marine x2  
  142  7:35  Marine x3  
  142  7:36  Marine  
  148  7:39  Marine x2  
  148  7:40  Barracks  
  148  7:41  Barracks  
  148  7:42  Medivac  
  148  7:43  Barracks  
  147  7:45  Marine  
  147  7:47  Siege Tank  
  147  7:49  Marine  
  147  7:51  SCV x2  
  154  7:53  Refinery  
  154  7:56  Medivac  
  154  7:57  Terran Infantry Weapons Level 2  
  156  7:58  Terran Infantry Armor Level 2  
  156  8:02  SCV  
  156  8:03  SCV x2  
  156  8:05  Marine x2  
  161  8:06  Marine  
  161  8:11  Factory Tech Lab  
  162  8:19  Siege Tank, Medivac  
  158  8:22  SCV x2  
  158  8:24  SCV  
  161  8:29  Terran Vehicle Weapons Level 1  
  161  8:33  Barracks Tech Lab x3  
  161  8:38  Marine x4, Planetary Fortress  
  165  8:45  SCV  
  166  8:51  Marine x2, Sensor Tower  
  166  8:54  Supply Depot  
  166  8:55  Marine x3, Marauder x3  
  177  8:56  Supply Depot  
  177  8:57  Supply Depot  
  177  8:58  Marine x3  
  180  9:06  SCV  
  180  9:07  Marine  
  180  9:08  Marine  
  180  9:09  Marine  
  183  9:13  Marine x3  
  183  9:15  Siege Tank  
  183  9:16  Siege Tank, Marine x2  
  190  9:19  Marine x4  
  177  9:25  Marine  
  177  9:26  Marine x2  
  177  9:30  Marine  
  167  9:31  Marauder  
  167  9:36  Medivac x2  
  167  9:38  SCV x2  
  173  9:40  SCV  
  174  9:46  Marine  
  174  9:47  Marine x3  
  174  9:48  Siege Tank x2, Marine  
  174  9:50  SCV x2  
  176  9:53  Marine x2  
  176  9:54  Marine x2  
  168  10:02  SCV  
  168  10:03  SCV  
  168  10:04  SCV  
  168  10:06  Marine, Command Center  
  172  10:14  SCV  
  172  10:17  SCV x2  
  175  10:24  Marine x7  
  175  10:26  Marine, Sensor Tower  
  175  10:27  Terran Infantry Weapons Level 3  
  183  10:28  Siege Tank  
  183  10:29  Concussive Shells  
  183  10:34  Marine x2  
  190  10:35  Marauder  
  190  10:37  Marauder  
  190  10:39  Siege Tank  
  190  10:42  Marine x2  
  196  10:50  Terran Vehicle Weapons Level 2  
  196  10:51  Terran Infantry Armor Level 3  
  196  10:52  Ghost Academy  
  196  10:59  Unknown  
  196  11:10  Marine x2, Marauder  
  200  11:20  Command Center  
  200  11:22  Command Center  
  200  11:37  Ghost  
  200  11:50  Planetary Fortress  
  200  11:53  Ghost x2  
  199  11:59  Factory  
  199  12:01  Command Center  
  198  12:07  Ghost  
  200  12:15  Siege Tank  
  192  12:26  Ghost x2  
  192  12:27  Marine x2  
  192  12:28  Marine x4  
  192  12:34  Siege Tank  
  192  12:36  Refinery  
  195  12:37  Orbital Command  
  195  12:40  Marine x4  
  184  12:45  Marine x4  
  184  12:47  Siege Tank  
  189  12:53  Marine  
  189  12:54  Marine  
  189  12:55  Ghost x2  
  189  12:58  Ghost  
  189  12:59  Viking x2  
  189  13:04  Ghost  
  189  13:05  Marine x3  
  197  13:06  Thor  
  185  13:14  Marine x3  
  185  13:15  Refinery  
  185  13:19  Siege Tank  
  188  13:23  Ghost x2  
  188  13:24  Marine x2  
  188  13:25  Marine x3  
  188  13:26  Ghost  
  194  13:32  Marine x2  
  194  13:34  Marine x2, Medivac, Command Center  
  180  13:41  Orbital Command  
  170  13:42  Marine x2  
  170  13:43  Marine x3  
  170  13:48  Terran Vehicle Weapons Level 3, Personal Cloaking  
  175  13:50  Marine x2  
  175  13:52  Armory  
  175  13:54  Siege Tank x2  
  181  13:57  Marauder x3  
  181  13:59  Marine x2  
  181  14:00  Marine  
  190  14:07  Viking x2  
  194  14:13  Marine x4  
  194  14:14  Marine x2  
  193  14:27  Infernal Pre-Igniter  
  193  14:28  Thor  
  193  14:29  Factory Reactor  
  199  14:34  Command Center  
  196  15:07  Missile Turret  
  196  15:11  Siege Tank x2  
  196  15:13  Marine x6  
  196  15:14  Missile Turret  
  196  15:17  Marine x4  
  199  15:25  Medivac  
  199  15:26  Medivac  
  194  15:38  Hellion x2  
  198  15:44  Neosteel Armor, Hi-Sec Auto Tracking  
  198  15:46  Missile Turret  
  198  15:47  Terran Vehicle And Ship Armor Level 1  
  198  15:51  Missile Turret  
  198  16:16  Factory, Fusion Core  
  198  16:17  Factory, Starport  
  184  16:25  Marine x2  
  184  16:26  Marine x4  
  184  16:28  Marine x4, Marauder x2  
  181  16:33  Siege Tank  
  183  16:46  Marauder x2  
  187  16:49  Ghost x2  
  191  16:58  Planetary Fortress  
  191  17:00  Starport Reactor  
  191  17:04  Factory Tech Lab, Factory Reactor  
  191  17:07  Ghost x2, Terran Ship Weapons Level 1  
  195  17:17  Sensor Tower  
  195  17:18  Missile Turret x2  
  195  17:19  Missile Turret  
  187  17:23  Ghost x2  
  187  17:26  Hellion x3  
  197  17:35  Ghost x2  
  197  17:51  Ghost  
  199  18:03  Terran Vehicle And Ship Armor Level 2  
  199  18:11  Smart Servos  
  198  18:41  Ghost  
  189  18:48  Thor  
  189  18:50  Ghost Academy x2  
  199  18:56  Thor  
  199  19:04  Planetary Fortress  
  199  19:06  Planetary Fortress, Refinery x2  
  199  19:08  Refinery x3  
  192  19:12  Command Center  
  192  19:14  Command Center  
  192  19:15  Thor  
  192  19:16  Viking  
  200  19:17  Command Center  
  197  19:27  Hellion  
  195  19:52  Thor  
  199  20:00  Terran Ship Weapons Level 2  
  199  20:18  Thor  
  196  20:23  Command Center  
  196  20:24  Command Center  
  196  20:27  Orbital Command x2, Command Center  
  193  20:28  Command Center  
  193  20:32  Thor  
  182  20:53  Thor  
  185  20:59  Hellion  
  185  21:00  Ghost, Hellion x3  
  185  21:01  Ghost x2  
  199  21:04  Terran Vehicle And Ship Armor Level 3  
  199  21:08  Nuke x2  
  199  21:09  Nuke  
  196  21:47  Marine x4  
  196  21:48  Marine x2  
  196  21:49  Marine x2  
  196  21:50  Marine x2  
  196  21:51  Orbital Command  
  196  21:53  Planetary Fortress  
  182  22:10  Ghost x3  
  182  22:15  Ghost  
  188  22:16  Thor x2  
  188  22:22  Planetary Fortress  
  199  22:25  Planetary Fortress  
  199  22:31  Hellion  
  194  22:38  Ghost x2  
  194  22:39  Ghost  
  191  22:48  Hellion x2  
  191  22:49  Marine x8  
  189  22:56  Marine  
  166  22:58  Thor  
  166  22:59  Thor x2, Hellion  
  166  23:00  Hellion  
  181  23:07  Marine x9  
  181  23:08  Marauder x2  
  192  23:18  Ghost, Hellion x2  
  194  23:25  Ghost  
  196  23:29  Ghost x2  
  200  23:38  Refinery  
  199  24:03  Nuke x2  
  199  24:04  Nuke  
  199  24:11  Sensor Tower  
  199  24:14  Sensor Tower  
  198  24:17  Missile Turret  
  198  24:29  Hellion x2  
  193  24:43  Terran Ship Weapons Level 3  
  193  24:47  Factory  
  193  24:48  Factory, Ghost x2  
  193  24:51  Factory  
  197  24:59  Ghost  
  197  25:24  Refinery  
  194  25:52  Nuke  
  194  25:58  Factory Tech Lab x2, Factory Reactor  
  194  26:01  Command Center  
  188  26:20  Ghost x2  
  188  26:21  Thor x2  
  188  26:24  Hellion  
  199  26:35  Ghost x2  
  186  26:48  Ghost  
  186  26:49  Hellion x4  
  196  26:54  Hellion x2  
  198  27:13  Ghost, Hellion x4  
  192  27:26  Hellion  
  192  27:27  Hellion x2  
  192  27:28  Hellion  
  182  27:33  Hellion  
  182  27:34  Hellion x2  
  176  27:40  Marine  
  176  27:41  Marine x4  

Tags
 
Add a new tag
Caveats
  • Supply blocks, unpowered buildings, or Contaminate may cause inaccurate times.
  • Supply counts are checked every 10 seconds.